 Dungeon Crawl Stone Soup version 0.28.0-53-g5a82cb258f (webtiles) character file.

Game seed: 4999350728125609730

135 Gabide the Skirmisher (level 4, -3/37 HPs)
             Began as a Mummy Monk on June 2, 2022.
             Killed from afar by Ijyb (18 damage)
             ... with a puff of flame
             ... on level 2 of the Dungeon.
             The game lasted 00:02:24 (2512 turns).

Gabide the Skirmisher (Mummy Monk)                  Turns: 2512, Time: 00:02:25

Health: -3/37      AC:  5    Str: 14    XL:     4   Next: 96%
Magic:  4/4        EV: 12    Int:  9    God:
Gold:   103        SH:  0    Dex: 16    Spells: 3/3 levels left

rFire   x . .      SeeInvis .     - Unarmed
rCold   + . .      Faith    .   (no shield)
rNeg    + + +      Spirit   .   c - +0 ring mail
rPois   ∞          Reflect  .   (no helmet)
rElec   .          Harm     .   (no cloak)
rCorr   .          Rampage  .   (no gloves)
Will    .....                   (no boots)
Stlth   +.........              (no amulet)
HPRegen 0.12/turn               (no ring)
MPRegen 0.09/turn               (no ring)

@: no status effects
A: cold resistance 1, negative energy resistance 3, torment resistance 2, heat
vulnerability 1, no potions
a: no special abilities


You were on level 2 of the Dungeon.
You visited 1 branch of the dungeon, and saw 2 of its levels.

You collected 103 gold pieces.

Inventory:

Armour
 a - a +0 robe
 c - a +0 ring mail (worn)
Jewellery
 d - a ring of magical power
Scrolls
 b - a scroll of identify
 e - a scroll of blinking


   Skills:
 + Level 4.1 Fighting
 + Level 3.3 Dodging
 - Level 1.5 Stealth
 + Level 3.3 Unarmed Combat


You had 3 spell levels left.
You didn't know any spells.
Your spell library contained the following spells:

 Spells                   Type           Power      Damage    Failure   Level
 Animate Skeleton         Necr           0%         N/A       63%         1
 Magic Dart               Conj           0%         1d3       63%         1
 Pain                     Necr           0%         1d4       63%         1
 Call Imp                 Summ           0%         N/A       77%         2
 Ensorcelled Hibernation  Hex/Ice        0%         N/A       77%         2
 Passwall                 Tmut/Erth      0%         N/A       77%         2
 Mephitic Cloud           Conj/Pois/Air  0%         N/A       94%         3
 Swiftness                Air            0%         N/A       94%         3
 Vampiric Draining        Necr           0%         2d6       94%         3


Dungeon Overview and Level Annotations

Branches:
Dungeon (2/15)

Altars:
Uskayaw

Annotations:
D:2 Ijyb


Innate Abilities, Weirdness & Mutations

You are immune to poison.
Your flesh is cold resistant. (rC+)
You are immune to negative energy. (rN+++)
You are immune to unholy pain and torment.
You are vulnerable to heat. (rF-)
You do not drink.


Message History

Ijyb closely misses you.
You hit Ijyb.
Ijyb is moderately wounded.
Ijyb zaps a wand.
The puff of flame hits you! The fire burns you terribly!
You are too injured to fight recklessly!
You are too injured to fight recklessly!
You are too injured to fight recklessly!
You are too injured to fight recklessly!
You are too injured to fight recklessly!
You are too injured to fight recklessly!
You are too injured to fight recklessly!
You are too injured to fight recklessly!
You are too injured to fight recklessly!
You are too injured to fight recklessly!
You are too injured to fight recklessly!
You are too injured to fight recklessly!
You are too injured to fight recklessly!
You are too injured to fight recklessly!
You are too injured to fight recklessly!
You are too injured to fight recklessly!
You are too injured to fight recklessly!
You are too injured to fight recklessly!
You hit Ijyb.
Ijyb is heavily wounded.
Ijyb hits you with a +0 dagger.
You closely miss Ijyb.
Ijyb is heavily wounded.
Ijyb closely misses you.
You hit Ijyb.
Ijyb is heavily wounded.
Ijyb barely misses you.
You can't drink.
Okay, then.
You hit Ijyb.
Ijyb is heavily wounded.
Ijyb hits you with a +0 dagger.
You hit Ijyb.
Ijyb is severely wounded.
Ijyb zaps a wand.
The puff of flame hits you!! The fire burns you terribly!
You die...

# #.# ##.# #
#.# ###.# #.#
##.#.# #.#
#####.#..# #.#
###....###>##
#.....## ##.#
#......###.##
....._..#.#.##
##......##@##
##.....##g###
########gg.#
#.#.#
8.8.8.8.#.#
......... #
....g.....
.g........#
..........#


You could see Ijyb and 2 goblins.

Vanquished Creatures
  A necrophage (D:2)
  An adder (D:1)
  A worm (D:2)
  A dart slug (D:1)
  4 endoplasms
  8 goblins
  3 hobgoblins (D:1)
  4 jackals (D:2)
  A quokka (D:2)
  A ball python (D:1)
  A frilled lizard (D:1)
  3 kobolds
  A rat (D:2)
30 creatures vanquished.

Notes
Turn   | Place    | Note
-------+----------+-------------------------------------------
     0 | D:1      | Gabide the Mummy Monk began the quest for the Orb.
     0 | D:1      | Reached XP level 1. HP: 18/18 MP: 1/1
   179 | D:1      | Reached XP level 2. HP: 19/24 MP: 2/2
  1468 | D:2      | Noticed a necrophage
  1494 | D:1      | Reached XP level 3. HP: 13/29 MP: 3/3
  1678 | D:2      | Found a faded altar of an unknown god.
  2088 | D:2      | Killed a necrophage
  2089 | D:2      | Reached skill level 4 in Fighting
  2089 | D:2      | Reached XP level 4. HP: 14/37 MP: 4/4
  2473 | D:2      | Found a hide-covered altar of Uskayaw.
  2487 | D:2      | Noticed Ijyb
  2512 | D:2      | Killed from afar by Ijyb

Illustrated notes

Levels and vault maps discovered:
D:1:      minmay_arrival_hallway, layout_basic
D:2:      kennysheep_the_goblin_king, layout_loops_ring, basic_altar,
          nicolae_ecumenical_pavilion, uniq_crazy_yiuf_cottage, uniq_jessica

Skill      XL: |  1  2  3 |
---------------+----------+-----
Fighting       | 4 |  4.1
Dodging        | 3 |  3.3
Unarmed Combat | 3 |  3.3
Stealth        | |  1.5

Action                   |  1- 3 |  4- 6 || total
-------------------------+-------+-------++-------
Melee: Unarmed           |    99 |    52 ||   151
       Punch             |     1 |     1 ||     2
  Use: Scroll            |     1 |       ||     1
 Stab: Sleeping          |     1 |       ||     1
Armor: Ring mail         |    18 |     8 ||    26
Dodge: Dodged            |    44 |    24 ||    68
